 Dungeon Crawl Stone Soup version 0.21.0-25-ge575cb9 (webtiles) character file.

354 DogShitOnMyToe the Changer (level 6, -3/28 HPs)
             Began as a Felid Transmuter on Jan 23, 2018.
             Was a Believer of Cheibriados.
             Slain by an orc wizard
             ... wielding a +0 dagger
              (5 damage)
             ... on level 5 of the Dungeon.
             The game lasted 00:18:19 (6045 turns).

DogShitOnMyToe the Changer (Felid Transmuter)       Turns: 6045, Time: 00:18:19

Health: -3/28      AC:  2    Str: 12    XL:     6   Next: 35%
Magic:  9/10       EV: 21    Int: 22    God:    Cheibriados [**....]
Gold:   177        SH:  0    Dex: 23    Spells: 3/9 levels left
                                        Lives:  0   Deaths: 1

rFire    . . .     SeeInvis +     - Unarmed
rCold    . . .     Gourm    .   (shield unavailable)
rNeg     . . .     Faith    .   (armour unavailable)
rPois    .         Spirit   .   (helmet unavailable)
rElec    .         Reflect  .   (cloak unavailable)
rCorr    .         Harm     .   (gloves unavailable)
MR       .....                  (boots unavailable)
Stlth    ++........             (no amulet)
HPRegen  0.09/turn              (no ring)
MPRegen  0.12/turn              (no ring)

@: very slow
A: very small, no armour, no weapons or thrown items, stealth, claws 1, fangs 3,
see invisible, carnivore, speed 1, shaggy fur 2, slow metabolism 1, sharp paws
a: Bend Time, Renounce Religion


You were on level 5 of the Dungeon.
You worshipped Cheibriados.
Cheibriados was pleased with you.
You were very full.

You visited 1 branch of the dungeon, and saw 5 of its levels.

You collected 177 gold pieces.

Inventory:

Scrolls
 a - a scroll of identify {unknown}
 d - 2 scrolls of teleportation {unknown}
 g - a scroll of remove curse {unknown}
 i - 2 scrolls of magic mapping {unknown}
 l - a scroll of immolation {unknown}
 n - a scroll of fog {unknown}
Potions
 b - 2 potions of degeneration
 e - a potion of cancellation {unknown}
 f - a potion of brilliance {unknown}
 h - a potion of might {unknown}
 j - a potion of heal wounds {unknown}
 k - a potion of mutation {unknown}
 m - a potion of magic {unknown}
 o - a potion of lignification
Books
 A - a book of Changes

   Spells                             Type                      Level
   a - Beastly Appendage              Transmutation                1
   b - Sticks to Snakes               Transmutation                2
   c - Spider Form                    Transmutation/Poison         3
   d - Ice Form                       Ice/Transmutation            4
   e - Blade Hands                    Transmutation                5
Comestibles
 c - 9 rations
 Z - 4 chunks of flesh


   Skills:
 + Level 3.1 Fighting
 + Level 4.7 Dodging
 * Level 5.3 Unarmed Combat
 - Level 2.0 Spellcasting
 * Level 5.4 Transmutations


You had 3 spell levels left.
You knew the following spells:

 Your Spells              Type           Power        Failure   Level  Hunger
a - Beastly Appendage     Tmut           ####..       1%          1    #......
b - Sticks to Snakes      Tmut           ####....     2%          2    ##.....
c - Spider Form           Tmut/Pois      ##........   14%         3    ###....


Dungeon Overview and Level Annotations

Branches:
Dungeon (5/15)
 Temple: D:4-7

Altars:
Ashenzari
Cheibriados
Elyvilon
Makhleb
Okawaru
Qazlal
Ru
Yredelemnul

Annotations:
D:1 exclusion: downstairs
D:3 exclusion: downstairs
D:4 dang3rdave's ghost, amateur DsBe


Innate Abilities, Weirdness & Mutations

You cannot wear armour.
You are incapable of wielding weapons or throwing items.
Your paws allow you to move quietly. (Stealth)
You have sharp claws.
You have razor-sharp teeth.
You have supernaturally acute eyesight. (SInv)
You are carnivorous and can eat meat at any time.
You cover ground quickly.
You are covered in thick fur. (AC +2)
You have a slow metabolism.
Your sharp claws are effective at attacking unaware monsters.


Message History

The orc wizard casts a spell.
The orc wizard blinks!
The orc hits you with a short sword.
* * * LOW HITPOINT WARNING * * *
The orc wizard hits you with a dagger.
* * * LOW HITPOINT WARNING * * *
2 orcs come into view.
You closely miss the orc wizard.
The orc moves out of view.
The orc completely misses you.
An orc priest comes into view. It is wielding a mace of protection.
Your transformation has ended.
The orc looks more healthy.
The orc wizard points at you and mumbles some strange words.
The magic dart hits you!
* * * LOW HITPOINT WARNING * * *
The orc wizard looks satisfied for a moment.
An orc comes into view.
The orc wizard gestures wildly while chanting.
The orc wizard blinks!
The orc closely misses you. The orc wizard hits you with a dagger.
You die...

#...$.......
#.......oo..
#........§
#....oo.
#....§#
###..o..#
#.....###
#.oo5##
#.@oo#
#....#
#....#
#....#
#....#
#....#
#....#
######


You could see an orc priest, 3 orc wizards, a shadow imp and 3 orcs.

Vanquished Creatures
  2 phantoms (D:4)
  2 hounds
  2 orc priests
  An orc wizard (D:4)
  A worker ant (D:3)
  A worker ant zombie (D:4)
  2 gnolls (D:4)
  3 adders
  2 oozes (D:4)
  6 worms
  3 dart slugs
  4 leopard geckos
  9 orcs
  6 giant cockroaches
  4 goblins
  12 hobgoblins
  13 jackals
  A ball python (D:1)
  5 bats
  5 frilled lizards
  5 kobolds
  A leopard gecko skeleton (D:4)
  4 rats
94 creatures vanquished.

Vanquished Creatures (collateral kills)
  An ogre (D:4)
  2 gnolls (D:4)
  An adder (D:2)
  A dart slug (D:2)
  A jackal (D:2)
6 creatures vanquished.

Grand Total: 100 creatures vanquished

Notes
Turn   | Place    | Note
-------+----------+-------------------------------------------
     0 | D:1      | DogShitOnMyToe the Felid Transmuter began the quest for the Orb.
     0 | D:1      | Reached XP level 1. HP: 9/9 MP: 4/4
   215 | D:1      | Reached XP level 2. HP: 10/12 MP: 4/6
   391 | D:1      | Reached skill level 3 in Dodging
   732 | D:1      | You fall through a shaft!
   755 | D:2      | Found a snail-covered altar of Cheibriados.
   761 | D:2      | Became a worshipper of Cheibriados the Contemplative
   846 | D:1      | HP: 6/12 [jackal (3)]
   998 | D:1      | Reached XP level 3. HP: 15/15 MP: 7/7
  1277 | D:1      | Reached skill level 3 in Transmutations
  1764 | D:2      | HP: 5/15 [worm (9)]
  2040 | D:2      | Learned a level 2 spell: Sticks to Snakes
  2044 | D:2      | Learned a level 3 spell: Spider Form
  2192 | D:2      | Reached XP level 4. HP: 12/19 MP: 6/8
  2302 | D:2      | Found a sacrificial altar of Ru.
  2429 | D:2      | Reached * piety under Cheibriados
  2436 | D:2      | HP: 9/19 [poisoned by an adder]
  2441 | D:2      | HP: 11/28 [poisoned by an adder]
  2447 | D:2      | HP: 8/28 [poisoned by an adder]
  2453 | D:2      | HP: 7/28 [poisoned by an adder]
  2460 | D:2      | HP: 5/28 [poisoned by an adder]
  2465 | D:2      | HP: 5/28 [poisoned by an adder]
  2471 | D:2      | HP: 4/28 [poisoned by an adder]
  2477 | D:2      | HP: 4/28 [poisoned by an adder]
  2483 | D:2      | HP: 1/19 [poisoned by an adder]
  2950 | D:2      | Reached skill level 2 in Fighting
  2975 | D:2      | HP: 9/19 [poisoned by an adder]
  2981 | D:2      | HP: 8/19 [poisoned by an adder]
  2986 | D:2      | HP: 7/19 [poisoned by an adder]
  2992 | D:2      | HP: 6/19 [poisoned by an adder]
  2998 | D:2      | HP: 6/19 [poisoned by an adder]
  3004 | D:2      | HP: 5/19 [poisoned by an adder]
  3371 | D:2      | Reached skill level 4 in Unarmed Combat
  3460 | D:2      | Found an iron altar of Okawaru.
  3463 | D:2      | Found a burning altar of Makhleb.
  3465 | D:2      | Found a stormy altar of Qazlal.
  3466 | D:2      | Found a white marble altar of Elyvilon.
  3469 | D:2      | Found a basalt altar of Yredelemnul.
  3496 | D:3      | HP: 7/19 [worker ant (8)]
  3498 | D:3      | Reached XP level 5. HP: 8/22 MP: 7/9
  4049 | D:3      | Reached skill level 4 in Transmutations
  4122 | D:3      | Found a shattered altar of Ashenzari.
  4363 | D:4      | Noticed an ogre
  4480 | D:4      | Noticed a phantom
  4562 | D:4      | HP: 11/22 [phantom (5)]
  4570 | D:4      | HP: 10/22 [phantom (1)]
  4589 | D:4      | Killed a phantom
  4589 | D:4      | Reached ** piety under Cheibriados
  4589 | D:4      | Reached skill level 4 in Dodging
  4589 | D:4      | Gained mutation: You are covered in thick fur. (AC +2) [Felid growth]
  4589 | D:4      | Reached XP level 6. HP: 14/27 MP: 6/10
  4975 | D:4      | HP: 13/27 [poisoned by an adder]
  5179 | D:4      | HP: 10/27 [gnoll/spear (11)]
  5180 | D:4      | HP: 1/27 [gnoll/spear (9)]
  5432 | D:4      | Reached skill level 5 in Unarmed Combat
  5432 | D:4      | Reached skill level 5 in Transmutations
  5532 | D:4      | Reached skill level 3 in Fighting
  5654 | D:4      | Noticed dang3rdave's ghost (amateur DsBe)
  5709 | D:4      | HP: 3/28 [orc priest/divine providence (13)]
  5711 | D:4      | Killed from afar by an orc priest
  5712 | D:4      | Reached XP level 5. HP: -8/24 MP: 9/9
  5733 | D:4      | Reached XP level 6. HP: 25/28 MP: 7/10
  6000 | D:4      | dang3rdave's ghost turns its malevolent gaze towards you.
  6001 | D:5      | Entered Level 5 of the Dungeon
  6033 | D:5      | HP: 12/28 [orc priest/hand axe (5)]
  6041 | D:5      | HP: 7/28 [orc/short sword (5)]
  6043 | D:5      | HP: 2/28 [orc wizard/magic dart (4)]
  6045 | D:5      | Slain by an orc wizard

Skill      XL: |  1  2  3  4  5  6 |
---------------+-------------------+-----
Dodging        | 3 4 |  4.7
Transmutations | 3 4 5 |  5.4
Fighting       | 2 3 |  3.1
Unarmed Combat | 4 5 |  5.3
Spellcasting   | |  2.0

Action                   |  1- 3 |  4- 6 || total
-------------------------+-------+-------++-------
Melee: Unarmed           |   113 |   245 ||   358
       Bite              |    12 |    11 ||    23
       Headbutt          |     7 |     5 ||    12
       Punch             |     2 |     3 ||     5
 Cast: Beastly Appendage |    19 |     6 ||    25
       Spider Form       |     1 |    17 ||    18
       Sticks to Snakes  |       |    10 ||    10
 Abil: End Transformatio |     1 |     1 ||     2
  Use: Potion            |       |     2 ||     2
 Stab: Sleeping          |     4 |     3 ||     7
  Eat: Chunk             |    11 |    12 ||    23
Armor: Skin              |     4 |    13 ||    17
Dodge: Dodged            |    96 |   184 ||   280
